 Dungeon Crawl Stone Soup version 0.31.0-12-g77e489cdc1 (webtiles) character file.

Game seed: 10553175409820578720

114 cdecastro the Firebug (level 4, 0/24 HPs)
             Began as a Deep Elf Fire Elementalist on Feb 16, 2024.
             Was an Initiate of Hepliaklqana.
             Slain by Grinder (5 damage)
             ... on level 3 of the Dungeon.
             The game lasted 00:04:02 (3127 turns).

cdecastro the Firebug (Deep Elf Fire Elementalist)  Turns: 3127, Time: 00:04:03

Health: 0/24       AC:  3    Str:  5    XL:     4   Next: 66%
Magic:  7/10       EV: 12    Int: 22    God:    Hepliaklqana [......]
Gold:   108        SH:  0    Dex: 15    Spells: 6/9 levels left

rFire   . . .        l - +2 flail of Odditeast {spect, rC+ Will+}
rCold   + . .        (no shield)
rNeg    . . .        a - +0 robe
rPois   .            (no helmet)
rElec   .            (no cloak)
rCorr   .            c - +0 pair of gloves
SInv    .            (no boots)
Will    +....        n - amulet of magic regeneration
Stlth   ++           (no ring)
HPRegen 0.24/turn    (no ring)
MPRegen 0.52/turn

%: no passive effects
@: no status effects
A: no striking features
a: Renounce Religion


You were on level 3 of the Dungeon.
You worshipped Hepliaklqana.
Hepliaklqana was noncommittal.
You visited 1 branch of the dungeon, and saw 4 of its levels.

You collected 108 gold pieces.

Inventory:

Hand Weapons
 l - the +2 flail of Odditeast (weapon) {spect, rC+ Will+}
   (You found it on level 2 of the Dungeon)

   rC+:       It protects you from cold.
   Will+:     It increases your willpower.
Armour
 a - a +0 robe (worn)
 c - a +0 pair of gloves (worn)
Jewellery
 n - an amulet of magic regeneration (around neck)
Scrolls
 d - a scroll of torment {unknown}
 e - 2 scrolls of immolation
 h - 5 scrolls of teleportation {unknown}
 i - 2 scrolls of blinking {unknown}
 m - a scroll of fear {unknown}
Potions
 b - a potion of magic
 f - 4 potions of heal wounds {unknown}
 g - 2 potions of curing {unknown}
 j - 2 potions of brilliance {unknown}
 k - a potion of ambrosia {unknown}


   Skills:
 - Level 2.4 Dodging
 - Level 2.4 Stealth
 - Level 3.0 Spellcasting
 - Level 1.1 Conjurations
 + Level 6.0 Fire Magic


You had 6 spell levels left.
You knew the following spells:

 Your Spells              Type           Power      Damage    Failure   Level
a - Foxfire               Conj/Fire      76%        2x1d7     2%          1
b - Scorch                Fire           60%        2d7       1%          2

Your spell library contained the following spells:

 Spells                   Type           Power      Damage    Failure   Level
 Inner Flame              Hex/Fire       16%        N/A       11%         3
 Volatile Blastmotes      Fire/Tloc      32%        2d12      11%         3
 Jinxbite                 Hex            6%         N/A       19%         2
 Flame Wave               Conj/Fire      19%        2d7       28%         4
 Yara's Violent Unravell  Hex/Alch       1%         3d3       98%         5
 Enfeeble                 Hex            1%         N/A       100%        7


Dungeon Overview and Level Annotations

Branches:
Dungeon (4/15)
 Temple: D:4-7

Altars:
Dithmenos
Hepliaklqana
Xom

Annotations:
D:3 Grinder


Message History

You resist with some effort.
There is a stone staircase leading down here.
Grinder gestures at you. Pain shoots through your body!
You see here a +0 hand axe.
Grinder blinks!
Grinder gestures at you. You resist with some effort.
There is a stone staircase leading up here.
Grinder blinks!
You climb upwards.
There is a stone staircase leading down here.
You start resting.
HP restored.
You climb downwards.
Level annotation: Grinder
There is a stone staircase leading up here.
Grinder hits you! Grinder attacks as she pursues you! Grinder hits you.
You writhe in agony.
* * * LOW HITPOINT WARNING * * *
There is a stone staircase leading up here.
Grinder hits you!
* * * LOW HITPOINT WARNING * * *
You climb upwards.
There is a stone staircase leading down here.
Unknown command.
Unknown command.
Casting: Foxfire (safe; 2% risk of failure)
Confirm with . or Enter, or press ? or * to list all spells.
Flames lash Grinder.
Grinder is lightly wounded.
Grinder's fire resistance burns away.
Grinder hits you but does no damage.
Unknown command.
Casting: Scorch (safe; 1% risk of failure)
Confirm with . or Enter, or press ? or * to list all spells.
Flames lash Grinder.
Grinder is burned terribly!
Grinder is moderately wounded.
Grinder hits you.
You die...
Grinder says, "Now the real fun starts!"

#.............._........##..)...
###..>.................##...###.
#####............###......####
#.......†...####......##..
#......†[.............##..
#.....(....####.......##..
##.#.##....######......#.)
##.#.#.........†.......#..
#..#.....@5............#..
##.#[..##...............#.#
##......##.........###...#.#
#..)...............# ##....#
#...#..............###......
#.##..#####...............).
#.....# #........###......
#.#...# ########## ##.†#.#
###..## #..#..


You could see Grinder (combustible).

Vanquished Creatures
  An orc priest (D:3)
  2 adders (D:2)
  A dart slug (D:1)
  4 orcs (D:3)
  6 endoplasms
  A giant cockroach (D:2)
  5 goblins
  4 hobgoblins
  3 jackals (D:2)
  5 kobolds
  4 quokkas
  4 ball pythons
  6 bats
  4 frilled lizards
  5 rats
55 creatures vanquished.

Vanquished Creatures (collateral kills)
  4 foxfires (D:3)
4 creatures vanquished.

Vanquished Creatures (others)
  272 foxfires
272 creatures vanquished.

Grand Total: 331 creatures vanquished

Notes
Turn   | Place    | Note
-------+----------+-------------------------------------------
     0 | D:1      | cdecastro the Deep Elf Fire Elementalist began the quest
                  | for the Orb.
     0 | D:1      | Reached XP level 1. HP: 10/10 MP: 6/6
    77 | D:1      | Found a faded altar of an unknown god.
   297 | D:1      | Reached skill level 4 in Fire Magic
   297 | D:1      | Reached XP level 2. HP: 15/15 MP: 5/8
  1263 | D:2      | Learned a level 2 spell: Scorch
  1340 | D:2      | Reached XP level 3. HP: 19/19 MP: 4/9
  1628 | D:2      | Reached skill level 5 in Fire Magic
  1942 | D:2      | Identified the +2 flail of Odditeast {spect, rC+ Will+}
  1987 | D:2      | Found a hazy altar of Hepliaklqana.
  1998 | D:2      | Became a worshipper of Hepliaklqana the Forgotten
  2528 | D:3      | Reached XP level 4. HP: 24/24 MP: 5/10
  2758 | D:3      | Found a shadowy altar of Dithmenos.
  2823 | D:3      | Reached skill level 6 in Fire Magic
  2958 | D:3      | Found a shimmering altar of Xom.
  3088 | D:4      | Noticed Grinder
  3127 | D:3      | Slain by Grinder

Illustrated notes

Levels and vault maps discovered:
D:1:      scummos_arrival_simple_fountains, layout_rooms, serial_curves,
          eino_curves_02, eino_curves_04, hellmonk_ecumenical_altar_blasted,
          minmay_cupped
D:2:      layout_basic, basic_altar
D:3:      layout_rooms, mainiacjoe_overflow_cross_hatched,
          overflow_temple_1_default
D:4:      layout_basic, minmay_temple_entry_mini_moons,
          ebering_ghost_disaster_area, nicolae_shop_overcharged_wands,
          uniq_ijyb, uniq_grinder, uniq_duvessa

Skill      XL: |  1  2  3  4 |
---------------+-------------+-----
Fire Magic     | 4 5 6 |  6.0
Dodging        | |  2.4
Stealth        | |  2.4
Spellcasting   | |  3.0
Conjurations   | |  1.1

Action                     |  1- 3 |  4- 6 || total
---------------------------+-------+-------++-------
   Cast: Foxfire           |   112 |    38 ||   150
         Scorch            |     3 |     2 ||     5
 Armour: Robe              |     5 |     8 ||    13
  Dodge: Dodged            |     3 |     2 ||     5
